 Dungeon Crawl Stone Soup version 0.24.0-1-gfbc8707 (webtiles) character file.

Game seed: 9766750276879738387, levelgen mode: deterministic

131 Buxparty the Skirmisher (level 4, -3/38 HPs)
             Began as a Mummy Gladiator on Jan 3, 2020.
             Slain by a gnoll
             ... wielding a +0 flail
              (9 damage)
             ... on level 3 of the Dungeon.
             The game lasted 00:05:04 (2720 turns).

Buxparty the Skirmisher (Mummy Gladiator)           Turns: 2720, Time: 00:05:05

Health: -3/38      AC:  5    Str: 18    XL:     4   Next: 91%
Magic:  4/4        EV: 13    Int:  7    God:
Gold:   87         SH:  0    Dex: 13    Spells: 3/3 levels left

rFire    x . .     SeeInvis .   a - +0 rapier
rCold    + . .     Gourm    .   (no shield)
rNeg     + + +     Faith    .   b - +0 leather armour
rPois    ∞         Spirit   .   h - +2 hat
rElec    .         Reflect  .   (no cloak)
rCorr    .         Harm     .   (no gloves)
MR       .....                  (no boots)
Stlth    +.........             (no amulet)
HPRegen  0.12/turn              (no ring)
MPRegen  0.09/turn              (no ring)

@: no status effects
A: no food or potions, fire vulnerability, cold resistance 1, negative energy
resistance 3, torment resistance, unbreathing
a: no special abilities


You were on level 3 of the Dungeon.
You were not hungry.

You visited 1 branch of the dungeon, and saw 3 of its levels.

You collected 87 gold pieces.

Inventory:

Hand Weapons
 a - a +0 rapier (weapon)
 g - a +2 hunting sling of flaming
 j - a +0 hand axe of chopping
Missiles
 d - 3 throwing nets (quivered)
Armour
 b - a +0 leather armour (worn)
 c - a +0 helmet
 h - a +2 hat (worn)
Scrolls
 e - a scroll of fog {unknown}
 f - a scroll of fear {unknown}
 i - a scroll of identify {unknown}


   Skills:
 * Level 4.3 Fighting
 - Level 2.4 Short Blades
 - Level 1.5 Throwing
 + Level 3.3 Dodging


You had 3 spell levels left.
You didn't know any spells.
Your spell library was empty.

Dungeon Overview and Level Annotations

Branches:
Dungeon (3/15)

Altars:
Wu Jian


Innate Abilities, Weirdness & Mutations

You do not eat or drink.
Your flesh is vulnerable to fire.
You are immune to poison.
Your flesh is cold resistant. (rC+)
You are immune to negative energy. (rN+++)
You are immune to unholy pain and torment.
You can survive without breathing.


Message History

The hobgoblin is severely wounded.
The hobgoblin hits you with a +0 club.
You hit the hobgoblin but do no damage.
The hobgoblin is severely wounded.
The hobgoblin barely misses you.
You hit the hobgoblin.
You kill the hobgoblin!
You hit the gnoll.
The gnoll is moderately wounded.
The gnoll misses you.
You closely miss the gnoll.
The gnoll is moderately wounded.
The gnoll hits you with a +0 flail!
You hit the gnoll.
The gnoll is moderately wounded.
The gnoll hits you with a +0 flail!
* * * LOW HITPOINT WARNING * * *
There is a stone staircase leading up here.
The gnoll hits you with a +0 flail!
You die...

###
#@#
#g#
#g#
#.#
#g#
#.#
#.#
#.#
#.#


You could see 2 gnolls and a goblin.

Vanquished Creatures
  Jessica (D:2)
  Robin (D:2)
  A gnoll (D:3)
  2 adders (D:2)
  2 oozes
  A worm (D:2)
  A dart slug (D:1)
  A leopard gecko (D:2)
  2 bats
  A giant cockroach (D:2)
  14 goblins
  5 hobgoblins
  5 jackals (D:1)
  A ball python (D:1)
  2 frilled lizards
  A giant cockroach zombie (D:3)
  8 kobolds
  4 rats
53 creatures vanquished.

Vanquished Creatures (others)
  A goblin (D:2)
  2 jackals (D:1)
  A bat (D:1)
4 creatures vanquished.

Grand Total: 57 creatures vanquished

Notes
Turn   | Place    | Note
-------+----------+-------------------------------------------
     0 | D:1      | Buxparty the Mummy Gladiator began the quest for the Orb.
     0 | D:1      | Reached XP level 1. HP: 16/16 MP: 1/1
   264 | D:1      | Reached XP level 2. HP: 23/23 MP: 2/2
   330 | D:1      | HP: 1/23 [jackal (1)]
   836 | D:1      | You fall into a shaft and drop 1 floor!
   913 | D:2      | Reached skill level 3 in Fighting
   978 | D:2      | Reached XP level 3. HP: 24/29 MP: 3/3
   983 | D:2      | Noticed Robin
  1031 | D:2      | Killed Robin
  1378 | D:2      | Reached XP level 4. HP: 32/37 MP: 4/4
  1667 | D:2      | Noticed Jessica
  1668 | D:2      | Killed Jessica
  1668 | D:2      | Reached skill level 4 in Fighting
  2267 | D:2      | Found an ornate altar of the Wu Jian Council.
  2720 | D:3      | Slain by a gnoll

Levels and vault maps discovered:
D:1:      sevenhm_arrival_forest_fort_small_1, layout_rooms, lemuel_old_faithful
D:2:      layout_basic, lemuel_coloured_pillars_altar, uniq_jessica, uniq_robin
D:3:      layout_basic, first_ration

Skill      XL: |  1  2  3  4 |
---------------+-------------+-----
Fighting       | 3 4 |  4.3
Dodging        | 3 |  3.3
Short Blades   | |  2.4
Throwing       | |  1.5

Action                   |  1- 3 |  4- 6 || total
-------------------------+-------+-------++-------
Melee: Rapier            |   139 |    72 ||   211
Armor: Leather armour    |    44 |    52 ||    96
Dodge: Dodged            |   116 |    84 ||   200
